 Dungeon Sprint DCSS version 0.30-a0-4-ga7cffc901d (webtiles) character file.

Game seed: 13312547859016535320

1096 Conn the Arsonist (level 8, -5/48 HPs)
             Began as an Octopode Fire Elementalist on Aug 21, 2022.
             Was a Follower of Sif Muna.
             Shot with a bolt by a yaktaur (21 damage)
             ... in the Dungeon (Sprint II: "The Violet Keep of Menkaure").
             The game lasted 00:06:09 (294 turns).

Conn the Arsonist (Octopode Fire Elementalist)       Turns: 294, Time: 00:06:09

Health: -5/48      AC:  1    Str:  8    XL:     8   Next: 31%
Magic:  5/17       EV: 15    Int: 19    God:    Sif Muna [*.....]
Gold:   570        SH:  0    Dex: 12    Spells: 8/21 levels left

rFire   + . .      SeeInvis .    s - +0 hand axe (flame)
rCold   + . .      Faith    .    (no shield)
rNeg    . . .      Spirit   .    (helmet restricted)
rPois   +          Reflect  .    m - amulet of the acrobat
rElec   +          Harm     .    (no ring)
rCorr   +          Rampage  .    (no ring)
Will    .....      NoTele   +    (no ring)
Stlth   ++++......               (no ring)
HPRegen 0.16/turn                (no ring)
MPRegen 0.15/turn                (no ring)
                                 (no ring)
                                 (no ring)

@: resistant, unable to drink
A: almost no armour, amphibious, 8 rings, camouflage 1, gelatinous body 1,
(nimble swimmer 1), tentacles, low MP 1, subdued magic 1, inability to drink
after injury 1
a: Renounce Religion, Channel Magic


You were in the Dungeon.
You worshipped Sif Muna.
Sif Muna was aware of your devotion.
You visited 1 branch You collected 570 gold pieces.

Inventory:

Hand Weapons
 s - a +0 hand axe of flaming (weapon)
Missiles
 n - 2 curare-tipped darts
Jewellery
 m - an amulet of the acrobat (around mantle)
Scrolls
 d - 5 scrolls of butterflies
 f - 2 scrolls of blinking
Potions
 a - 5 potions of magic
 b - 2 potions of curing
 c - 5 potions of resistance
 g - 2 potions of berserk rage
 i - a potion of heal wounds
 j - 3 potions of brilliance {unknown}
 k - 2 potions of mutation {unknown}
 q - 4 potions of flight {unknown}
 r - a potion of lignification {unknown}


   Skills:
 + Level 1.0 Fighting
 + Level 5.6 Dodging
 + Level 7.2 Stealth
 - Level 2.2 Unarmed Combat
 + Level 7.4 Spellcasting
 * Level 7.9 Conjurations
 + Level 1.1 Hexes
 + Level 11.4 Fire Magic
 * Level 4.1 Invocations


You had 8 spell levels left.
You knew the following spells:

 Your Spells              Type           Power      Damage    Failure   Level
a - Foxfire               Conj/Fire      100%       2x1d9     1%          1
b - Conjure Flame         Conj/Fire      33%        6-21      1%          3
c - Inner Flame           Hex/Fire       23%        N/A       1%          3
d - Flame Wave            Conj/Fire      33%        2d10      1%          4
e - Scorch                Fire           76%        2d8       1%          2

Your spell library contained the following spells:

 Spells                   Type           Power      Damage    Failure   Level
 Tukima's Dance           Hex            8%         N/A       16%         3
 Passage of Golubria      Tloc           5%         N/A       63%         4
 Yara's Violent Unravell  Hex/Tmut       3%         3d4       89%         5


Dungeon Overview and Level Annotations

Branches:
Dungeon (1/1)

Altars:
Cheibriados
Dithmenos
Elyvilon
Fedhas
Gozag
Hepliaklqana
Kikubaaqudgha
Makhleb
Nemelex Xobeh
Okawaru
Qazlal
Ru
Sif Muna
Trog
Uskayaw
Vehumet
Wu Jian
Xom
Yredelemnul
Zin
The Shining One
Jiyva
Lugonu

Shops:
D !


Innate Abilities, Weirdness & Mutations

You cannot wear most types of armour.
You are amphibious.
You can wear up to eight rings at the same time.
Your skin changes colour to match your surroundings (Stealth+).
Your rubbery body absorbs attacks. (AC +1, EV +1)
((You are camouflaged when in or above water. (Stealth+)))
You have tentacles for arms and can constrict up to eight enemies at once.
Your magical capacity is low. (-10% MP)
Your spells are a little easier to cast, but a little less powerful.
You occasionally lose the ability to drink potions when taking damage.


Message History

Your Hexes skill increases to level 1!
Your Invocations skill increases to level 4!
Unknown command.
Press < or > to pray at altars.
Unknown command.
Press < or > to pray at altars.
You can drink potions again.
Unknown command.
Casting: Foxfire (safe; 1% risk of failure)
Confirm with . or Enter, or press ? or * to list all spells.
Okay, then.
Unknown command.
Unknown command.
Okay, then.
Unknown command.
Unknown command.
Casting: Foxfire (safe; 1% risk of failure)
Confirm with . or Enter, or press ? or * to list all spells.
You conjure some foxfire!
You feel your willpower return.
Unknown command.
Casting: Foxfire (safe; 1% risk of failure)
Confirm with . or Enter, or press ? or * to list all spells.
You conjure some foxfire!
Your foxfire dissipates! x2
Unknown command.
Casting: Foxfire (safe; 1% risk of failure)
Confirm with . or Enter, or press ? or * to list all spells.
Aiming: Inner Flame (safe; 1% risk of failure)
Press: ? - help, Dir - move target, f - yaktaur
Aim: a yaktaur, wielding a +2 vorpal arbalest (chance to affect: 63%)
The yaktaur is filled with an inner flame.
The foxfire hits the yaktaur.
Flame seeps out of the yaktaur.
The yaktaur is lightly wounded.
The foxfire hits the yaktaur.
Flame seeps out of the yaktaur.
The yaktaur is lightly wounded.
The yaktaur is engulfed in blazing flames.
Flame seeps out of the yaktaur.
The yaktaur shoots a bolt.
The bolt hits you!!
You feel threatened and lose the ability to drink potions!
You die...

,****..##**#..#*$#▓(....(()▓▓,,,*
#**,*#..#,,+§.#,.#▓.(.(..[.▓▓,,,*
##,*,#..#,,#○.#,.#▓(....(..▓▓,⌠,*
.+***+..####.§##.#▓..).()..▓▓,,,*
##,*,#....###○..##▓▓▓▓▓▓▓'▓▓▓▓+▓*
##*,##.....§~○c~~~~~~~~~~...X≈≈▓,
†####~~...§§~#☼########+###.≈≈≈▓,
..#~~§~~~~..§#§§☼°..§.#~~~##≈≈≈▓,
.##~~~§~~§~.~#.°@v§☼§○#S§≈§####▓*
##~~~≈§≈~§~~~#_._°v☼☼○#~~§§≈#*,,*
~~~~~~§≈§§§§~#○_._○§○°#§§~≈≈≈*,,*
+++#~≈≈§≈§§§~#°☼°§_.§☼#~§~§~§+,,+
zz,##§≈§###≈≈#○○._§○☼☼#~§§§§S*,,*
z°○.##≈≈#,#≈≈#_○☼°_○_.#§~~~~~*,,*
.....+≈≈#+#≈≈#°°._°°○○#§~~~******
....##~≈≈≈§≈≈##########§~~~*,,,~~
.○.##**#######~~~~~~~~~≈~~~*,,,~~


You could see a yaktaur (inner flame, ally target) and a water moccasin.

Vanquished Creatures
  2 polar bears (D)
  A hornet (D)
  4 neqoxecs (D)
  3 worms (D)
10 creatures vanquished.

Vanquished Creatures (others)
  4 foxfires (D)
4 creatures vanquished.

Grand Total: 14 creatures vanquished

Notes
Turn   | Place    | Note
-------+----------+-------------------------------------------
     0 | D        | Conn the Octopode Fire Elementalist began the quest for the
                  | Orb.
     0 | D        | Reached XP level 1. HP: 11/11 MP: 3/3
     1 | D        | Noticed a neqoxec
     1 | D        | Noticed a neqoxec
     1 | D        | Noticed a neqoxec
     1 | D        | Noticed a neqoxec
     6 | D        | Killed a neqoxec
     7 | D        | Reached skill level 7 in Fire Magic
     7 | D        | Reached XP level 2. HP: 17/17 MP: 4/7
     7 | D        | Reached XP level 3. HP: 21/21 MP: 4/8
     7 | D        | Reached XP level 4. HP: 27/27 MP: 5/10
     7 | D        | Reached XP level 5. HP: 31/31 MP: 5/11
    11 | D        | Killed a neqoxec
    12 | D        | Reached skill level 5 in Stealth
    12 | D        | Reached skill level 1 in Unarmed Combat
    12 | D        | Reached skill level 5 in Conjurations
    12 | D        | Reached skill level 8 in Fire Magic
    12 | D        | Reached XP level 6. HP: 36/36 MP: 5/13
    17 | D        | Killed a neqoxec
    18 | D        | Reached skill level 5 in Spellcasting
    18 | D        | Reached skill level 9 in Fire Magic
    20 | D        | Gained mutation: Your spells are a little easier to cast,
                  | but a little less powerful. [a neqoxec]
    27 | D        | Gained mutation: Your magical capacity is low. (-10% MP) [a
                  | neqoxec]
    28 | D        | Gained mutation: You occasionally lose the ability to drink
                  | potions when taking damage. [a neqoxec]
    30 | D        | Killed a neqoxec
    31 | D        | Reached skill level 5 in Dodging
    31 | D        | Reached skill level 10 in Fire Magic
    31 | D        | Reached XP level 7. HP: 27/41 MP: 7/14
    45 | D        | Learned a level 2 spell: Scorch
    49 | D        | Learned a level 3 spell: Conjure Flame
    53 | D        | Learned a level 3 spell: Inner Flame
    58 | D        | Learned a level 4 spell: Flame Wave
    73 | D        | Noticed a flying skull
    73 | D        | Noticed a flying skull
    73 | D        | Noticed a flying skull
    74 | D        | Noticed a flying skull
    74 | D        | Noticed a flying skull
    74 | D        | Noticed a flying skull
    74 | D        | Noticed a flying skull
    74 | D        | Noticed a flying skull
    74 | D        | Noticed a flying skull
    74 | D        | Noticed a flying skull
    78 | D        | Noticed a flying skull
    80 | D        | Noticed a flying skull
    85 | D        | Found Wiubbi's Distillery.
    97 | D        | Found a stormy altar of Qazlal.
    97 | D        | Found an ornate altar of the Wu Jian Council.
    97 | D        | Found a glowing golden altar of the Shining One.
    98 | D        | Found a hazy altar of Hepliaklqana.
    98 | D        | Found a sacrificial altar of Ru.
    98 | D        | Found a shimmering altar of Xom.
    99 | D        | Found a viscous altar of Jiyva.
    99 | D        | Found a shimmering blue altar of Sif Muna.
   100 | D        | Found a snail-covered altar of Cheibriados.
   100 | D        | Found an ancient bone altar of Kikubaaqudgha.
   100 | D        | Found a bloodstained altar of Trog.
   101 | D        | Found a shadowy altar of Dithmenos.
   101 | D        | Found a corrupted altar of Lugonu.
   102 | D        | Found a white marble altar of Elyvilon.
   102 | D        | Found a burning altar of Makhleb.
   103 | D        | Found a blossoming altar of Fedhas.
   105 | D        | Found an opulent altar of Gozag.
   105 | D        | Found a basalt altar of Yredelemnul.
   105 | D        | Found a hide-covered altar of Uskayaw.
   105 | D        | Found a sparkling altar of Nemelex Xobeh.
   106 | D        | Found a glowing silver altar of Zin.
   106 | D        | Found a radiant altar of Vehumet.
   106 | D        | Found an iron altar of Okawaru.
   111 | D        | Became a worshipper of Sif Muna the Loreminder
   126 | D        | Noticed a kraken
   276 | D        | Noticed a yaktaur
   276 | D        | Noticed a hornet
   276 | D        | Noticed a polar bear
   279 | D        | Noticed a polar bear
   288 | D        | Killed a polar bear
   288 | D        | Killed a polar bear
   289 | D        | Reached skill level 11 in Fire Magic
   289 | D        | Reached XP level 8. HP: 28/47 MP: 10/16
   290 | D        | Killed a hornet
   290 | D        | Reached * piety under Sif Muna
   291 | D        | Reached skill level 1 in Fighting
   291 | D        | Reached skill level 1 in Hexes
   294 | D        | Shot with a bolt by a yaktaur

Illustrated notes

Levels and vault maps discovered:
D:        the_violet_keep_of_menkaure [sprint2_stairs_cluster_1,
          sprint2_shoproom, sprint2_temple, sprint2_basic_supplies,
          sprint2_obstacle_1, sprint2_obstacle_7, sprint2_obstacle_2,
          sprint2_obstacle_6, sprint2_obstacle_4, sprint2_timed_cluster_1,
          sprint2_smallroom_cluster_1, sprint2_smallroom_final_cluster_1,
          sprint2_transparent_cluster_1, sprint2_second_timed_cluster_1,
          sprint2_sniper_area_1, sprint2_heavy_combat_area_1,
          sprint2_mutation_trap_area_1, sprint2_forest_area_1,
          sprint2_light_combat_area_1, sprint2_behind_water_1,
          sprint2_near_end_vault_1]

Skill      XL: |  1  2  3  4  5  6  7  8 |
---------------+-------------------------+-----
Dodging        | 3 4 5 |  5.6
Stealth        | 4 5 6 7 |  7.2
Spellcasting   | 4 5 7 |  7.4
Conjurations   | 4 5 6 7 |  7.9
Fire Magic     | 7 8 10 11 | 11.4
Unarmed Combat | 1 2 |  2.2
Invocations    | 3 4 |  4.1
Fighting       | 1 |  1.0
Hexes          | 1 |  1.1

Action                   |  1- 3 |  4- 6 |  7- 9 || total
-------------------------+-------+-------+-------++-------
Melee: Unarmed           |     3 |    22 |     2 ||    27
       Tentacles         |     1 |     6 |     1 ||     8
       Constrict         |     1 |     3 |     1 ||     5
       Punch             |       |     2 |       ||     2
 Cast: Scorch            |       |       |     3 ||     3
       Flame Wave        |       |       |     3 ||     3
       Inner Flame       |       |       |     3 ||     3
       Conjure Flame     |       |       |     1 ||     1
       Foxfire           |       |       |     3 ||     3
  Use: Potion            |     2 |     1 |     2 ||     5
       Scroll            |       |       |     8 ||     8
Armor: Skin              |       |       |     1 ||     1
Dodge: Dodged            |     2 |     8 |     7 ||    17

Table legend: (Time is in decaauts)
 A = Elapsed time spent in this place.
 B = Non-inter-level travel time spent in this place.
 C = Inter-level travel time spent in this place.
 D = Time resting spent in this place.
 E = Time spent auto-exploring this place.
 F = Levels seen in this place.
 G = Mean time per level.
                   A        B        C        D        E       F      G
               +--------+--------+--------+--------+--------+-----+--------+
         Total |    281 |    281 |      0 |      0 |      0 |   1 |  281.0 |
       Dungeon |    281 |    281 |      0 |      0 |      0 |   1 |  281.0 |
               +--------+--------+--------+--------+--------+-----+--------+

Top non-repeatable levels by time:
       D: 281 daAuts
